AoeStats
← SeemsFishy

Nomad

506924808Analyzed
4v4 RM · 16d ago on Sep 15, 2026· 38m 29s· 8 players
Game mode
Random Map
Map size
231×231
Population
200
Speed
Normal
Resources
Standard
Victory
Conquest
Starting age
Dark Age
Ending age
Imperial Age
RankedLock teamsTeams togetherTeam positionsShared explorationLock speedFull tech treeHidden civsTurbo modeCheats
Victory
Defeat
🇨🇦 Cumans · Canada
1402
+14
🇪🇸 Persians · Spain
1381
+15
🇬🇧 Celts · United Kingdom
1368
+15
🇩🇪 Huns · Germany
1350
+16
🇦🇷 Japanese · Argentina
1401
-17
🇹🇼 Persians · Taiwan
1349
-15
🇵🇪 Wu · Peru
1339
-14
🇦🇷 Saracens · Argentina
1317
-14
SeemsFishy
5:12 Loom
12:33 Feudal Age
17:21 Castle Age
16:31 Double-Bit Axe
17:45 Town Watch
18:35 Bow Saw
21:34 Scale Mail Armor
30:38 Gold Mining
32:21 Horse Collar
36:26 Imperial Age
35:25 Wheelbarrow
35:42 Chain Mail Armor
36:10 Forging
37:26 Hand Cart
38:06 Conscription
38:19 Plate Mail Armor
4♚Dreams
5:54 Loom
15:37 Feudal Age
16:27 Double-Bit Axe
16:39 Gold Mining
19:51 Scale Barding Armor
19:58 Forging
22:15 Castle Age
20:49 Bloodlines
29:52 Wheelbarrow
32:34 Stone Mining
34:12 Husbandry
Sergio
5:46 Loom
15:50 Feudal Age
17:47 Fishing Lines
21:57 Castle Age
22:42 Medium Warships
23:12 Gillnets
24:54 Wheelbarrow
24:05 Town Watch
27:43 Gold Mining
28:25 Forging
28:22 Scale Barding Armor
29:19 Bloodlines
30:00 Iron Casting
32:29 Gold Shaft Mining
33:31 Horse Collar
35:02 Husbandry
35:57 Fletching
39:00 Imperial Age
38:08 Chain Barding Armor
38:18 Stone Mining
38:38 Heavy Plow
Ranchy
13:08 Feudal Age
14:24 Double-Bit Axe
17:09 Loom
18:28 Man-at-Arms
22:12 Castle Age
21:30 Double-Bit Axe
22:14 Long Swordsman
22:55 Scale Mail Armor
28:32 Fletching
28:33 Town Watch
30:55 Coinage
31:05 Bodkin Arrow
34:43 Bloodlines
36:01 Padded Archer Armor
36:55 Ballistics
38:27 Leather Archer Armor
ValkriaN
3:25 Loom
16:08 Feudal Age
16:10 Man-at-Arms
20:03 Castle Age
17:53 Arson
19:49 Double-Bit Axe
20:45 Fletching
22:46 Thumb Ring
23:10 Bow Saw
22:41 Fishing Lines
25:29 Horse Collar
26:27 Wheelbarrow
27:05 Heavy Plow
29:21 Pikeman
30:08 Gold Mining
31:21 Squires
31:08 Gambesons
36:19 Thumb Ring
38:16 Ballistics
NachoRZ
3:49 Loom
16:10 Feudal Age
19:54 Castle Age
20:38 Double-Bit Axe
21:47 Bow Saw
CTM | Interestellar space
13:49 Feudal Age
17:47 Castle Age
17:02 Scale Mail Armor
18:41 Squires
21:15 Forging
28:25 Chain Mail Armor
28:57 Arson
30:45 Horse Collar
30:28 Pikeman
35:50 Iron Casting
野豬騎士來囉
4:53 Loom
23:49 Feudal Age
27:46 Castle Age
28:35 Double-Bit Axe
32:44 Horse Collar
35:58 Wheelbarrow
35:48 Heavy Plow
36:40 Bow Saw
38:07 Hand Cart
Connection lost

Rejoining the realm…

Still unreachable

The connection could not be restored.

Session expired

The server has moved on; the page needs a fresh start.